 Dungeon Crawl Stone Soup version 0.30-a0-368-g86fb4627a9 (webtiles) character file.

Game seed: 17444637660099691980

681 Maxmaps the Covered (level 7, 0/54 HPs)
             Began as a Demonspawn Gladiator on Nov 20, 2022.
             Slain by a wight
             ... wielding a +2 great sword
              (19 damage)
             ... on level 5 of the Dungeon.
             The game lasted 00:05:13 (3962 turns).

Maxmaps the Covered (Demonspawn Gladiator)          Turns: 3962, Time: 00:05:14

Health: 0/54       AC:  9    Str: 14    XL:     7   Next: 34%
Magic:  7/7        EV: 10    Int: 12    God:
Gold:   243        SH:  0    Dex: 14    Spells: 6/6 levels left

rFire   . . .      SeeInvis .    a - +1 long sword
rCold   . . .      Faith    .    (no shield)
rNeg    . . .      Spirit   .    n - +0 scale mail
rPois   .          Reflect  .    (helmet restricted)
rElec   .          Harm     .    (no cloak)
rCorr   .          Rampage  .    (no gloves)
Will    .....                    (no boots)
Stlth   ..........               (no amulet)
HPRegen 0.29/turn                h - +4 ring of slaying
MPRegen 0.10/turn                (no ring)

@: no status effects
A: horns 1, yellow scales 1, foul stench 1, spiny 1
a: no special abilities


You were on level 5 of the Dungeon.
You visited 1 branch of the dungeon, and saw 5 of its levels.
You also visited: Sewer.

You collected 243 gold pieces.

Inventory:

Hand Weapons
 a - a +1 long sword (weapon)
 s - the +3 battleaxe "Badeng" {pain, rElec rPois Int-5 SInv}
   (You found it in a sewer)

   In the hands of one skilled in necromantic magic, it inflicts extra damage on
   living creatures.
   Int:       It affects your intelligence (-5).
   rElec:     It insulates you from electricity.
   rPois:     It protects you from poison.
   SInv:      It lets you see invisible.
Missiles
 d - 5 throwing nets (quivered)
 e - 5 javelins
Armour
 b - a +0 leather armour
 l - a +0 ring mail
 n - a +0 scale mail (worn)
Jewellery
 h - a +4 ring of slaying (left hand)
 r - a +4 ring of protection
Wands
 j - a wand of flame (15)
 o - a wand of paralysis (6)
Scrolls
 c - 5 scrolls of teleportation
 f - a scroll of fear
 g - 2 scrolls of identify
 q - a scroll of enchant armour
 t - a scroll of noise {unknown}
Potions
 i - a potion of might
 k - 5 potions of curing
 m - a potion of cancellation
 p - 4 potions of mutation


   Skills:
 - Level 4.0 Fighting
 - Level 4.0 Long Blades
 - Level 1.7 Throwing
 - Level 5.0 Armour
 + Level 3.8 Dodging


You had 6 spell levels left.
You didn't know any spells.
Your spell library contained the following spells:

 Spells                   Type           Power      Damage    Failure   Level
 Magic Dart               Conj           0%         1d3       77%         1
 Ensorcelled Hibernation  Hex/Ice        0%         N/A       88%         2
 Passwall                 Tmut/Erth      0%         N/A       88%         2
 Searing Ray              Conj           0%         2d4       88%         2
 Swiftness                Air            0%         N/A       98%         3
 Fulminant Prism          Conj/Hex       0%         3d5       100%        4


Dungeon Overview and Level Annotations

Branches:
Dungeon (5/15)              Sewer (visited)
 Temple: D:4-7

Altars:
Ashenzari
Fedhas
Makhleb


Innate Abilities, Weirdness & Mutations

You have a pair of small horns on your head.
You are partially covered in yellow scales. (AC +2)
You may rarely emit foul miasma when damaged in melee.
You are partially covered in sharp spines.


Message History

You hit the wight but do no damage.
The wight is severely damaged.
The wight is struck by your spines. The wight hits you with a +0 scimitar!
You feel drained.
You hit the wight.
You destroy the wight!
The wight closely misses you.
Your life force feels restored.
You hit the wight.
The wight is lightly damaged.
The wight is struck by your spines. The wight barely misses you.
You hit the wight but do no damage.
The wight is lightly damaged.
The wight closely misses you. The worm is struck by your spines.
The worm bites you but does no damage. The wight closely misses you.
You slash the worm!
The worm is almost dead.
The wight hits you with a +2 great sword!
You are too injured to fight recklessly!
You are too injured to fight recklessly!
You are too injured to fight recklessly!
You are too injured to fight recklessly!
You are too injured to fight recklessly!
You are too injured to fight recklessly!
You are too injured to fight recklessly!
You are too injured to fight recklessly!
You are too injured to fight recklessly!
You are too injured to fight recklessly!
You are too injured to fight recklessly!
You are too injured to fight recklessly!
You are too injured to fight recklessly!
You are too injured to fight recklessly!
You are too injured to fight recklessly!
You are too injured to fight recklessly!
Unknown command.
You slash the wight! Your headbutt misses the wight.
The wight is severely damaged.
The worm barely misses you. The wight is struck by your spines.
The wight hits you with a +2 great sword!!
You die...

..
..........
............
#.#.........
#.#.........
#.........
#.......
#...wz#
#...@.#
#...<.#
#.....#
#.....#
#.....#
#.....#
#..†..#
#.....#
#.....#


You could see a worm and a wight.

Vanquished Creatures
  2 bullfrogs (Sewer)
  A scorpion (D:5)
  A wight (D:5)
  2 hounds
  A jelly (D:4)
  An orc priest (D:3)
  An iguana (D:4)
  An orc wizard (D:4)
  9 adders
  3 gnolls (D:3)
  An ufetubus (D:4)
  2 worms
  3 dart slugs
  9 orcs
  18 ball pythons
  9 endoplasms
  11 giant cockroaches
  9 goblins
  5 hobgoblins
  3 jackals (D:4)
  5 kobolds
  14 quokkas
  5 bats
  16 frilled lizards
  7 rats
139 creatures vanquished.

Vanquished Creatures (collateral kills)
  A river rat (D:5)
  A giant cockroach (D:5)
  2 rats (D:5)
4 creatures vanquished.

Grand Total: 143 creatures vanquished

Notes
Turn   | Place    | Note
-------+----------+-------------------------------------------
     0 | D:1      | Maxmaps the Demonspawn Gladiator began the quest for the
                  | Orb.
     0 | D:1      | Reached XP level 1. HP: 16/16 MP: 1/1
   209 | D:1      | Gained mutation: You have a pair of small horns on your
                  | head. [demonic ancestry]
   209 | D:1      | Reached XP level 2. HP: 22/22 MP: 2/2
   811 | D:2      | Gained mutation: You may rarely emit foul miasma when
                  | damaged in melee. [demonic ancestry]
   811 | D:2      | Reached XP level 3. HP: 27/27 MP: 3/3
  1953 | D:3      | Found a broken altar of Ashenzari.
  2030 | D:3      | Reached XP level 4. HP: 17/35 MP: 4/4
  2215 | D:3      | Found a burning altar of Makhleb.
  2447 | D:3      | Gained mutation: You are partially covered in yellow
                  | scales. (AC +2) [demonic ancestry]
  2447 | D:3      | Reached XP level 5. HP: 42/42 MP: 5/5
  2553 | D:3      | Reached skill level 1 in Armour
  2659 | D:3      | Found a blossoming altar of Fedhas.
  2837 | D:4      | Reached skill level 2 in Armour
  3014 | D:4      | Reached skill level 3 in Armour
  3014 | D:4      | Reached XP level 6. HP: 37/48 MP: 6/6
  3463 | D:5      | Entered Level 5 of the Dungeon
  3485 | D:5      | Found a glowing drain.
  3495 | Sewer    | Entered a sewer
  3602 | Sewer    | Reached skill level 4 in Armour
  3814 | Sewer    | Reached skill level 5 in Armour
  3814 | Sewer    | Gained mutation: You are partially covered in sharp spines.
                  | [demonic ancestry]
  3814 | Sewer    | Reached XP level 7. HP: 39/54 MP: 7/7
  3826 | Sewer    | Identified the +3 battleaxe "Badeng" {pain, rElec rPois
                  | Int-5 SInv}
  3962 | D:5      | Slain by a wight

Illustrated notes

Levels and vault maps discovered:
D:1:      noname_arrival_rooms_in_the_neighbourhood, layout_basic
D:2:      layout_basic
D:3:      layout_loops_cross, lemuel_coloured_pillars_altar,
          nicolae_ashenzari_skybound, fedhas_altar_fruit_tree
D:4:      layout_gridville, dreamdust_princess_bridge, kennysheep_generic_room_5
D:5:      layout_basic, portal_sewer_entry_e, minmay_chambers_of_fives

Skill      XL: |  1  2  3  4  5  6  7 |
---------------+----------------------+-----
Long Blades    | 3 4 |  4.0
Fighting       | 3 4 |  4.0
Armour         | 3 5 |  5.0
Dodging        | 3 |  3.8
Throwing       | |  1.7

Action                   |  1- 3 |  4- 6 |  7- 9 || total
-------------------------+-------+-------+-------++-------
Melee: Long sword        |    84 |   208 |    20 ||   312
       Headbutt          |     8 |    25 |     1 ||    34
       Punch             |       |     1 |       ||     1
  Use: Scroll            |       |     9 |     1 ||    10
 Stab: Sleeping          |     1 |       |       ||     1
Armor: Leather armour    |     9 |       |       ||     9
       Ring mail         |    14 |       |       ||    14
       Scale mail        |     7 |   118 |     7 ||   132
Dodge: Dodged            |    42 |   129 |     7 ||   178

Table legend: (Time is in decaauts)
 A = Elapsed time spent in this place.
 B = Non-inter-level travel time spent in this place.
 C = Inter-level travel time spent in this place.
 D = Time resting spent in this place.
 E = Time spent auto-exploring this place.
 F = Levels seen in this place.
 G = Mean time per level.
                   A        B        C        D        E       F      G
               +--------+--------+--------+--------+--------+-----+--------+
         Total |   4088 |   3888 |    200 |     98 |   2952 |   6 |  681.3 |
       Dungeon |   3610 |   3410 |    200 |     60 |   2771 |   5 |  722.0 |
         Sewer |    477 |    477 |      0 |     38 |    181 |   1 |  477.0 |
               +--------+--------+--------+--------+--------+-----+--------+

Top non-repeatable levels by time:
     D:2: 1032 daAuts
     D:3: 879 daAuts
     D:1: 819 daAuts
     D:4: 769 daAuts
   Sewer: 477 daAuts
     D:5: 110 daAuts
